 Dungeon Crawl Stone Soup version 0.15-a0-1995-g7e6aeab (webtiles) character file.

28 N00bl0rd the Vexing (level 3, 0/20 HPs)
             Began as a Kobold Arcane Marksman on July 11, 2014.
             Slain by an adder (1 damage)
             ... on Level 1 of the Dungeon.
             The game lasted 00:05:13 (970 turns).

N00bl0rd the Vexing (Kobold Arcane Marksman)         Turns: 970, Time: 00:05:13

HP   0/20        AC  3     Str 10      XL: 3   Next: 30%
MP   4/4         EV 15     Int 16      God:
Gold 55          SH  0     Dex 15      Spells:  2 memorised,  1 level left

rFire  . . .     SeeInvis .     b - +1 crossbow
rCold  . . .     Clarity  .     a - +0 robe
rNeg   . . .     rCorr    .     (no shield)
rPois  .         rRot     .     (no helmet)
rElec  .         Spirit   .     (no cloak)
SustAb .         Warding  .     (no gloves)
rMut   .         Stasis   +     h - +0 pair of boots
Gourm  .                        e - amulet of stasis
MR     .....                    (no ring)
                                (no ring)

@: brilliant, lethally poisoned, not resistant to hostile enchantments, very
unstealthy
A: carnivore 3
a: no special abilities


You were on level 1 of the Dungeon.
You were very full.

You visited 1 branch of the dungeon, and saw 2 of its levels.

You collected 55 gold pieces.

Inventory:

Hand weapons
 b - a +1 crossbow (weapon)
Missiles
 c - 7 bolts (quivered)
Armour
 a - a +0 robe (worn)
 h - a +0 pair of boots (worn)
Comestibles
 f - a meat ration
 j - a rotting chunk of goblin flesh
 k - a rotting chunk of rat flesh
 q - a chunk of bat flesh
 r - a chunk of ball python flesh
 s - a beef jerky
Scrolls
 i - 2 scrolls of remove curse {unknown}
 l - 3 scrolls of enchant armour {unknown}
 u - a scroll of identify {unknown}
Jewellery
 e - an amulet of stasis (around neck)
Potions
 p - a potion of agility {unknown}
Books
 d - a book of Debilitation

   Spells                             Type                      Level
   *Corona                            Hexes                        1
   *Slow                              Hexes                        2
   Inner Flame                        Hexes/Fire                   3
   Enslavement                        Hexes                        4
   Cause Fear                         Hexes                        4
   Leda's Liquefaction                Hexes/Earth                  4


   Skills:
 - Level 1.1 Fighting
 * Level 3.2 Crossbows
 - Level 2.8 Dodging
 + Level 1.1 Spellcasting
 * Level 3.5 Hexes


You had one spell level left.
You knew the following spells:

 Your Spells              Type           Power        Failure   Level  Hunger
a - Corona                Hex            ###....      1%          1    ##.....
b - Slow                  Hex            ###.....     1%          2    ###....


Dungeon Overview and Level Annotations

Branches:
Dungeon (2/15)

Altars:

Annotations:
D:1 Ijyb


Innate Abilities, Weirdness & Mutations

You are small and have problems with some larger weapons.
You are carnivorous and can eat meat at any time.


Message History

Read which item? (? for menu, Esc to quit)
As you read the scroll labeled RYIZI SHRAINICYTS, it crumbles to dust.
It is a scroll of enchant weapon.
Enchant which weapon? (? for menu, Esc to quit)
Your +0 crossbow glows red for a moment.
The adder bites you but does no damage. Ijyb completely misses you.
Read which item? (? for menu, Esc to quit)
As you read the scroll labeled PSUFOQ OSUTH, it crumbles to dust.
You feel a strange sense of stasis.
It was a scroll of teleportation.
* * * LOW HITPOINT WARNING * * *
You feel sick. The adder closely misses you. Ijyb barely misses you.
Unknown command.
Drink which item? (? for menu, Esc to quit)
Magic courses through your body.
It was a potion of magic.
The adder closely misses you. Ijyb completely misses you.
The adder closely misses you.
Drink which item? (? for menu, Esc to quit)
You feel clever all of a sudden.
It was a potion of brilliance.
The adder bites you.
You die...

#.# #%# #.#
#.# #.# #.#
#####.##
#...S#g#
#.###@## #.#
### #.# #.#
#.# #.#
############.#
.............#
##############


You could see Ijyb and an adder.

Vanquished Creatures
  A giant gecko (D:1)
  An ooze (D:1)
  5 bats
  2 hobgoblins (D:1)
  A ball python (D:2)
  A giant newt (D:1)
  5 goblins
  4 kobolds
  6 rats (D:1)
26 creatures vanquished.

Notes
Turn   | Place    | Note
--------------------------------------------------------------
     0 | D:1      | N00bl0rd, the Kobold Arcane Marksman, began the quest for the Orb.
     0 | D:1      | Reached XP level 1. HP: 12/12 MP: 2/2
   117 | D:1      | Reached XP level 2. HP: 14/16 MP: 3/3
   132 | D:1      | Learned a level 2 spell: Slow
   709 | D:1      | Reached XP level 3. HP: 20/20 MP: 4/4
   937 | D:2      | Noticed Ijyb
   968 | D:1      | HP: 1/20 [poisoned by an adder]
   970 | D:1      | Slain by an adder

Action                   || total
-------------------------++-------
 Fire: Crossbow          ||    58
 Cast: Corona            ||     6
  Use: Scroll            ||     3
       Potion            ||     2
  Eat: Chunk             ||     8
